 Dungeon Crawl Stone Soup version 0.29-a0-234-g0dae59b3db (webtiles) character file.

Game seed: 14647088550605809726

467 fragbeetle the Changer (level 6, -1/47 HPs)
             Began as a Draconian Transmuter on Mar 2, 2022.
             Slain by an orc warrior
             ... wielding a +0 battleaxe
              (18 damage)
             ... on level 4 of the Dungeon.
             The game lasted 00:06:10 (4782 turns).

fragbeetle the Changer (Draconian Transmuter)       Turns: 4782, Time: 00:06:10

Health: -1/47      AC:  8    Str: 13    XL:     6   Next: 81%
Magic:  8/9        EV: 12    Int: 13    God:
Gold:   189        SH:  0    Dex: 13    Spells: 1/9 levels left

rFire   . . .      SeeInvis .     - Unarmed
rCold   . . .      Faith    .   (no shield)
rNeg    . . .      Spirit   .   (body armour unavailable)
rPois   .          Reflect  .   (helmet restricted)
rElec   .          Harm     .   p - +1 cloak
rCorr   .          Rampage  .   (no gloves)
Will    .....                   (no boots)
Stlth   +.........              (no amulet)
HPRegen 0.15/turn               b - ring of wizardry
MPRegen 0.11/turn               (no ring)

@: confused, attractive
A: AC +6, unfitting armour, cold-blooded
a: no special abilities


You were on level 4 of the Dungeon.
You visited 1 branch of the dungeon, and saw 4 of its levels.

You collected 189 gold pieces.

Inventory:

Missiles
 f - 5 poisoned darts
 m - 7 boomerangs
Armour
 p - a +1 cloak (worn)
Jewellery
 b - a ring of wizardry (left hand)
 i - a ring of fire
Wands
 k - a wand of flame (14)
 q - a wand of charming (3)
Scrolls
 a - 2 scrolls of fear {unknown}
 c - 3 scrolls of magic mapping {unknown}
 e - a scroll of amnesia {unknown}
 h - 5 scrolls of identify {unknown}
 n - a scroll of noise {unknown}
Potions
 d - 2 potions of attraction
 g - a potion of ambrosia {unknown}
 j - a potion of curing {unknown}
 l - 2 potions of heal wounds {unknown}
 o - a potion of cancellation {unknown}
 r - a potion of might {unknown}
 s - a potion of degeneration {unknown}
 t - a potion of lignification {unknown}
 u - 2 potions of invisibility {unknown}


   Skills:
 - Level 1.1 Fighting
 - Level 1.7 Dodging
 - Level 3.0 Unarmed Combat
 - Level 2.0 Spellcasting
 + Level 7.3 Transmutations
 + Level 1.1 Ice Magic


You had one spell level left.
You knew the following spells:

 Your Spells              Type           Power      Damage    Failure   Level
a - Beastly Appendage     Tmut           40%        N/A       1%          1
b - Spider Form           Tmut/Pois      10%        N/A       7%          3
c - Ice Form              Ice/Tmut       12%        N/A       17%         4

Your spell library contained the following spells:

 Spells                   Type           Power      Damage    Failure   Level
 Wereblood                Tmut           20%        N/A       1%          2
 Blink                    Tloc           2%         N/A       16%         2
 Lesser Beckoning         Tloc           1%         N/A       28%         3
 Manifold Assault         Tloc           1%         N/A       93%         5


Dungeon Overview and Level Annotations

Branches:
Dungeon (4/15)
 Temple: D:4-7

Altars:

Shops:
D:1 =


Innate Abilities, Weirdness & Mutations

Your plain brown scales are hard. (AC +6)
You cannot fit into any form of body armour.
You are cold-blooded and may be slowed by cold attacks.


Message History

The orc shoots a sling bullet.
The sling bullet barely misses you.
The orc unwields a +2 hunting sling of flaming.
It stops flaming.
The orc wields a +0 flail.
The orc closely misses you.
You closely miss the orc. Your kick misses the orc. You headbutt the orc!
You kill the orc!
Items here: $ )) †.
Items here: $ )) †.
The orc shouts!
You hear a shout!
Your transformation is almost over.
Casting: Beastly Appendage (safe; 1% risk of failure)
Confirm with . or Enter, or press ? or * to list all spells.
Your horns disappear.
Your talons disappear.
You turn into a venomous arachnid creature.
Your +1 cloak melds into your body.
The orc warrior barely misses you.
Unknown command.
You hit the orc warrior but do no damage.
The orc warrior is poisoned.
The orc warrior hits you with a +0 battleaxe!
You closely miss the orc warrior.
The orc warrior is lightly wounded.
The orc warrior misses you.
Your transformation is almost over.
The orc wizard casts a spell.
The orc wizard flickers and vanishes!
Deactivating autopickup; reactivate with Ctrl-A.
A puff of flame appears from out of thin air!
The puff of flame hits you!
Something tries to affect you, but you resist.
The orc throws a boomerang.
The boomerang closely misses you.
A magic dart appears from out of thin air!
The magic dart hits you.
The orc throws a boomerang.
The boomerang completely misses you.
You are confused.
The orc warrior looks more healthy.
Your transformation has ended.
Your +1 cloak unmelds from your body.
It was a potion of attraction.
You feel attractive to monsters.
The orc warrior hits you with a +0 battleaxe!!
You die...

##....(.#.##..♣...............##
###....##..##.♣♣♣.♣............##
.##.#####.####....#.............#
....# ##..###......#..##..#......
...####...............##..#.[....
#..#.#...........##..##.....####.
#.)........P.#..###..##......##..
###..#....♣..#.##.#.....##.......
#.##.......#..@..##.###....#.##
###..........#..o.....# ##..#####
.##.#..............#.## #....####
.###...>...........######...>....
.###..............## #...#......
..##........o.....#####...#......
..................##.#...##......
...###.##................##.....#
...###.#...##........##.##.......


You could see an orc warrior and an orc.

Vanquished Creatures
  Sigmund (D:2)
  2 hounds
  Ijyb (D:3)
  Natasha (thrice) (D:2)
  7 adders
  A worm (D:4)
  A dart slug (D:2)
  10 orcs
  6 endoplasms
  2 giant cockroaches
  3 goblins
  6 hobgoblins
  2 quokkas
  5 ball pythons
  7 bats
  6 frilled lizards
  14 kobolds
  6 rats
83 creatures vanquished.

Vanquished Creatures (others)
  2 plants (D:4)
2 creatures vanquished.

Grand Total: 85 creatures vanquished

Notes
Turn   | Place    | Note
-------+----------+-------------------------------------------
     0 | D:1      | fragbeetle the Draconian Transmuter began the quest for the
                  | Orb.
     0 | D:1      | Reached XP level 1. HP: 16/16 MP: 3/3
     3 | D:1      | Found Geuvve Cely's Jewellery Shop.
    96 | D:1      | Found a faded altar of an unknown god.
   536 | D:1      | Reached XP level 2. HP: 21/23 MP: 1/5
   790 | D:1      | Reached skill level 3 in Transmutations
  1377 | D:2      | Reached XP level 3. HP: 21/28 MP: 4/6
  1383 | D:1      | Reached skill level 4 in Transmutations
  1508 | D:2      | Noticed Natasha
  1517 | D:2      | Killed Natasha
  1518 | D:2      | Reached XP level 4. HP: 35/35 MP: 5/7
  1543 | D:2      | Noticed Natasha
  1555 | D:2      | Killed Natasha
  1556 | D:2      | Reached skill level 5 in Transmutations
  1604 | D:2      | Noticed Natasha
  1796 | D:1      | Learned a level 3 spell: Spider Form
  1808 | D:2      | Killed Natasha
  1809 | D:2      | Reached XP level 5. HP: 28/40 MP: 8/8
  2028 | D:2      | Noticed Sigmund
  2530 | D:2      | Killed Sigmund
  2531 | D:2      | Reached skill level 6 in Transmutations
  2531 | D:2      | Reached XP level 6. HP: 10/47 MP: 3/9
  3050 | D:3      | Reached skill level 7 in Transmutations
  3057 | D:3      | Identified the +2 robe of the Bells {Will+ Int+3 Stlth-}
  3799 | D:3      | Learned a level 4 spell: Ice Form
  3829 | D:3      | Noticed Ijyb
  3842 | D:3      | Killed Ijyb
  4159 | D:4      | Noticed an orc warrior
  4485 | D:4      | Reached skill level 1 in Ice Magic
  4782 | D:4      | Slain by an orc warrior

Illustrated notes

Levels and vault maps discovered:
D:1:      tarquinn_simple_flora_water_e, layout_basic,
          chequers_ecumenical_altar_simple_redux, serial_shops,
          nicolae_diamond_shop, serial_forest, infiniplex_forest_clump_double,
          infiniplex_forest_lined_room_2, infiniplex_forest_join,
          infiniplex_forest_diagonal, infiniplex_forest_lined_room_2,
          infiniplex_forest_clump_double, infiniplex_forest_corner_1,
          infiniplex_forest_pool, infiniplex_forest_lined_3_way,
          roderic_lattice_a
D:2:      layout_rooms, uniq_sigmund, uniq_natasha
D:3:      layout_basic, uniq_ijyb
D:4:      layout_cave_pools, overflow_temple_1_default, serial_forest,
          infiniplex_forest_corner_1, infiniplex_forest_corner_1,
          infiniplex_forest_side_room, infiniplex_forest_end_2,
          infiniplex_forest_clump_tiny, infiniplex_forest_clump_medium

Skill      XL: |  1  2  3  4  5  6 |
---------------+-------------------+-----
Transmutations | 3 4 5 6 7 |  7.3
Ice Magic      | 1 |  1.1
Fighting       | |  1.1
Dodging        | |  1.7
Unarmed Combat | |  3.0
Spellcasting   | |  2.0

Action                   |  1- 3 |  4- 6 || total
-------------------------+-------+-------++-------
Melee: Unarmed           |    68 |   177 ||   245
       Kick              |    10 |    37 ||    47
       Tailslap          |     5 |    16 ||    21
       Punch             |     2 |     2 ||     4
       Headbutt          |     7 |    23 ||    30
 Cast: Beastly Appendage |    22 |    29 ||    51
       Spider Form       |       |     5 ||     5
  Use: Potion            |       |     2 ||     2
Armor: Skin              |    19 |    53 ||    72
Dodge: Dodged            |    43 |   121 ||   164

Table legend: (Time is in decaauts)
 A = Elapsed time spent in this place.
 B = Non-inter-level travel time spent in this place.
 C = Inter-level travel time spent in this place.
 D = Time resting spent in this place.
 E = Time spent auto-exploring this place.
 F = Levels seen in this place.
 G = Mean time per level.
                   A        B        C        D        E       F      G
               +--------+--------+--------+--------+--------+-----+--------+
         Total |   4753 |   4443 |    310 |    669 |   3007 |   4 | 1188.2 |
       Dungeon |   4753 |   4443 |    310 |    669 |   3007 |   4 | 1188.2 |
               +--------+--------+--------+--------+--------+-----+--------+

Top non-repeatable levels by time:
     D:1: 1896 daAuts
     D:3: 1250 daAuts
     D:2: 989 daAuts
     D:4: 617 daAuts
